 Dungeon Crawl Stone Soup version 0.29.1-1-gd02db6906a (webtiles) character file.

Game seed: 15086212490295101934

4 Icepheonix32 the Insei (level 1, -1/15 HPs)
             Began as a Merfolk Transmuter on Oct 4, 2022.
             Slain by a kobold
             ... wielding a +1 whip of flaming
              (2 damage)
             ... on level 1 of the Dungeon.
             The game lasted 00:00:22 (366 turns).

Icepheonix32 the Insei (Merfolk Transmuter)          Turns: 366, Time: 00:00:22

Health: -1/15      AC:  2    Str: 10    XL:     1   Next: 60%
Magic:  2/3        EV: 12    Int: 12    God:
Gold:   11         SH:  0    Dex: 14    Spells: 3/4 levels left

rFire   . . .      SeeInvis .     - Unarmed
rCold   . . .      Faith    .   (no shield)
rNeg    . . .      Spirit   .   a - +0 robe
rPois   .          Reflect  .   (helmet currently unavailable)
rElec   .          Harm     .   (no cloak)
rCorr   .          Rampage  .   (no gloves)
Will    .....                   (boots currently unavailable)
Stlth   +.........              (no amulet)
HPRegen 0.05/turn               d - ring of flight
MPRegen 0.08/turn               (no ring)

@: appendages (expiring), flying
A: horns 2, (nimble swimmer 2), mertail
a: End Transformation


You were on level 1 of the Dungeon.
You had temporarily grown beastly horns.
You visited 1 branch of the dungeon, and saw 1 of its levels.

You collected 11 gold pieces.

Inventory:

Armour
 a - a +0 robe (worn)
Jewellery
 d - a ring of flight (left hand)
Scrolls
 c - a scroll of brand weapon {unknown}
 e - a scroll of vulnerability {unknown}
Potions
 b - a potion of lignification


   Skills:
 + Level 1.1 Fighting
 + Level 2.8 Dodging
 + Level 3.3 Unarmed Combat
 + Level 2.0 Spellcasting
 * Level 3.0 Transmutations


You had 3 spell levels left.
You knew the following spells:

 Your Spells              Type           Power      Damage    Failure   Level
a - Beastly Appendage     Tmut           16%        N/A       8%          1

Your spell library contained the following spells:

 Spells                   Type           Power      Damage    Failure   Level
 Wereblood                Tmut           8%         N/A       12%         2
 Spider Form              Tmut/Pois      4%         N/A       41%         3
 Ice Form                 Ice/Tmut       4%         N/A       82%         4


Dungeon Overview and Level Annotations

Branches:
Dungeon (1/15)

Altars:


Innate Abilities, Weirdness & Mutations

You have temporarily grown beastly horns.
((You are very nimble when in or above water. (Stealth+, EV+, Speed+++)))
Your lower body shifts to a powerful aquatic tail in water.


Message History

You see here a frilled lizard corpse.
Found 4 stones.
A kobold comes into view. It is wielding a +1 whip of flaming.
A kobold is nearby!
You grow a pair of large bovine horns.
Your transformation is almost over.
You see here 4 stones.
The kobold shouts!
The kobold hits you with a +1 whip of flaming.
The kobold burns you.
You are too injured to fight recklessly!
You are too injured to fight recklessly!
You are too injured to fight recklessly!
You are too injured to fight recklessly!
You are too injured to fight recklessly!
You are too injured to fight recklessly!
You are too injured to fight recklessly!
You are too injured to fight recklessly!
You are too injured to fight recklessly!
You are too injured to fight recklessly!
You are too injured to fight recklessly!
You are too injured to fight recklessly!
You are too injured to fight recklessly!
You are too injured to fight recklessly!
You are too injured to fight recklessly!
You are too injured to fight recklessly!
The kobold hits you with a +1 whip of flaming.
The kobold burns you.
You closely miss the kobold. The kobold hits you but does no damage.
You hit the kobold. Your headbutt misses the kobold.
The kobold is moderately wounded.
A rat comes into view.
The kobold hits you but does no damage.
You hit the kobold but do no damage.
You headbutt the kobold, but do no damage.
The kobold is moderately wounded.
The kobold hits you with a +1 whip of flaming.
* * * LOW HITPOINT WARNING * * *
The kobold burns you.
You die...

#..#...#...#...#.# #..#..#
##...#...#...#...# #..#...
#.#...#...#...#.#####..#.##
#...#...#...#........>.....
#.#...#...#...#............
##..#...#...#.........###..
###..#...#..##.......# #.#
##...#(.####.......# #.#
#.##..@K..#.......###.#
#.....###r.....#.......
####..# ####.#>#####. #...
..#. #. #.... .. .. #.
#...#. #.##.##. #....
#....... #.# #######. #.


You could see a kobold and a rat.

Vanquished Creatures
  A ball python (D:1)
  A quokka (D:1)
  A frilled lizard (D:1)
  A kobold (D:1)
4 creatures vanquished.

Notes
Turn   | Place    | Note
-------+----------+-------------------------------------------
     0 | D:1      | Icepheonix32 the Merfolk Transmuter began the quest for the
                  | Orb.
     0 | D:1      | Reached XP level 1. HP: 15/15 MP: 3/3
   366 | D:1      | Slain by a kobold

Illustrated notes

Levels and vault maps discovered:
D:1:      minmay_arrival_checkered_box, layout_loops_cross, hex_medium

Skill      XL: |  1 |
---------------+----+-----
Transmutations | 3 |  3.0
Fighting       | |  1.1
Dodging        | |  2.8
Unarmed Combat | |  3.3
Spellcasting   | |  2.0

Action                   || total
-------------------------++-------
Melee: Unarmed           ||    29
       Headbutt          ||     2
       Punch             ||     1
 Cast: Beastly Appendage ||     5
Armor: Robe              ||     5
Dodge: Dodged            ||    18
